 Dungeon Crawl Stone Soup version 0.25-a0-285-gcba6f664f8 (webtiles) character file.

Game seed: 10814713268073415932, levelgen mode: deterministic

614 Fluffius the Chopper (level 7, -13/54 HPs)
             Began as a Pale Draconian Chaos Knight on Dec 12, 2019.
             Was a Plaything of Xom.
             Mangled by an orc warrior
             ... wielding a +0 halberd
              (22 damage)
             ... on level 6 of the Dungeon.
             The game lasted 00:06:33 (2899 turns).

Fluffius the Chopper (Pale Draconian Chaos Knight)  Turns: 2899, Time: 00:06:34

Health: -13/54     AC:  7    Str: 13 (14) XL:     7   Next: 20%
Magic:  0/16       EV: 13    Int: 12      God:    Xom [..*...]
Gold:   273        SH:  0    Dex: 13      Spells: 5/6 levels left

rFire    . . .     SeeInvis .   n - +1 war axe (freeze)
rCold    + . .     Gourm    .   (no shield)
rNeg     . . .     Faith    .   (armour unavailable)
rPois    .         Spirit   +   (helmet restricted)
rElec    .         Reflect  .   i - +0 cloak
rCorr    .         Harm     .   (no gloves)
MR       .....     Clarity  +   (no boots)
Stlth    ++........             f - amulet of guardian spirit
HPRegen  0.18/turn              c - ring of magical power
MPRegen  0.15/turn              k - ring of protection from cold

@: lethally poisoned (-13 -> -20), flying
A: breathe steam, unfitting armour, big wings, clarity, deterioration 2, frail
1, high mp 1, mutation resistance 1, cold-blooded, AC +6
a: Breathe Steam, Stop Flying, Renounce Religion


You were on level 6 of the Dungeon.
You worshipped Xom.
You were a toy of Xom.
You were not hungry.

You visited 1 branch of the dungeon, and saw 4 of its levels.

You collected 273 gold pieces.

Inventory:

Hand Weapons
 a - a +0 hand axe of chaos
 n - a +1 war axe of freezing (weapon)
 w - a +2 war axe
Missiles
 v - 17 poisoned darts (quivered)
Armour
 i - a +0 cloak (worn)
Jewellery
 c - a ring of magical power (left hand)
 f - an amulet of guardian spirit (around neck)
 k - a ring of protection from cold (right hand)
Wands
 o - a wand of scattershot (6)
Scrolls
 d - a scroll of blinking {unknown}
 e - 2 scrolls of remove curse {unknown}
 h - a scroll of amnesia {unknown}
 l - 2 scrolls of teleportation {unknown}
 q - 3 scrolls of identify {unknown}
 r - a scroll of immolation {unknown}
 s - 2 scrolls of enchant weapon {unknown}
 u - a scroll of magic mapping {unknown}
Potions
 j - 2 potions of cancellation
Comestibles
 b - 4 rations
 g - 3 chunks of flesh


   Skills:
 + Level 5.1 Fighting
 + Level 6.5 Axes
 + Level 3.7 Dodging
 + Level 0.9 Stealth


You had 5 spell levels left.
You knew the following spells:

 Your Spells              Type           Power        Failure   Level  Hunger
a - Animate Skeleton      Necr           N/A          32%         1    ##.....

Your spell library contained the following spells:

 Spells                   Type           Power        Failure   Level  Hunger
 Apportation              Tloc           #.....       32%         1    ##.....
 Confusing Touch          Hex            #.....       32%         1    ##.....
 Summon Small Mammal      Summ           #...         32%         1    ##.....


Dungeon Overview and Level Annotations

Branches:
Dungeon (3/15)

Altars:
Okawaru
Xom

Annotations:
D:3 1 runed translucent door, Crazy Yiuf


Innate Abilities, Weirdness & Mutations

You can breathe blasts of scalding, opaque steam.
Your pale cyan-grey scales are hard. (AC +6)
You cannot fit into any form of body armour.
You are cold-blooded and may be slowed by cold attacks.
Your large and strong wings let you fly indefinitely.
You possess an exceptional clarity of mind.
Your body often deteriorates upon taking damage.
You are frail. (-10% HP)
You have an increased reservoir of magic. (+10% MP)
You are somewhat resistant to further mutation.


Message History

The orc warrior hits you with a +0 halberd!!
You die... "Just one more try."
Xom revives you!
The orc hits you with a +0 flail of venom.
* * * LOW HITPOINT WARNING * * *
You are more poisoned.
You closely miss the orc warrior.
The orc warrior is heavily wounded.
You hit the orc but do no damage.
You feel sick. "See what I see, my child!"
You detect creatures!
The orc warrior barely misses you. The orc closely misses you.
Unknown command.
You hit the orc warrior but do no damage.
The orc warrior is heavily wounded.
You hit the orc but do no damage.
You feel sick.
The orc warrior hits you with a +0 halberd!!
You die...
Xom giggles madly!

#### ###oo# #
###..#@#
#.##..o#### .#
##.....# #.
.## #.....##
.# ..$
#.####.## #.
##.# # #..##
.## ##.# #...#
#.# ###..#
#...#
#.###....#
#..##
###........###


You could see an orc warrior and an orc.

Vanquished Creatures
  An orc warrior (D:6)
  An ogre (D:6)
  A scorpion (D:6)
  A wight (D:6)
  An orc priest (D:6)
  Terence (D:3)
  3 orc wizards (D:6)
  A hound skeleton (D:6)
  10 adders
  2 oozes
  4 worms
  2 leopard geckos (D:3)
  7 orcs
  2 giant cockroaches
  15 hobgoblins
  3 quokkas
  A ball python (D:3)
  12 bats
  3 frilled lizards
  8 goblins
  6 kobolds
  5 rats
90 creatures vanquished.

Notes
Turn   | Place    | Note
-------+----------+-------------------------------------------
     0 | D:1      | Fluffius the Draconian Chaos Knight began the quest for the
                  | Orb.
     0 | D:1      | Reached XP level 1. HP: 19/19 MP: 1/1
    52 | D:1      | XOM: potion effect (brilliance)
    60 | D:1      | Reached XP level 2. HP: 14/26 MP: 2/2
   192 | D:1      | XOM: harmless Pois miscast
   243 | D:1      | XOM: 1-stop teleportation journey
   516 | D:1      | XOM: polymorph goblin -> bat
   810 | D:2      | Reached XP level 3. HP: 14/33 MP: 3/3
   835 | D:2      | HP: 1/33 [adder (1)]
  1182 | D:2      | XOM: god gift: glowing war axe {god gift}
  1198 | D:2      | XOM: scenery: create altars
  1204 | D:2      | Reached skill level 4 in Axes
  1204 | D:2      | Reached XP level 4. HP: 33/40 MP: 4/4
  1288 | D:2      | XOM: fog
  1858 | D:3      | Reached XP level 5. HP: 47/47 MP: 5/5
  1904 | D:3      | Noticed Terence
  1911 | D:3      | Killed Terence
  2002 | D:3      | Found a shimmering altar of Xom.
  2071 | D:3      | Found a faded altar of an unknown god.
  2174 | D:3      | XOM: god gift: 38 gold pieces
  2231 | D:3      | Found a runed translucent door.
  2232 | D:3      | Noticed Crazy Yiuf
  2232 | D:3      | You fall into a shaft and drop 3 floors!
  2251 | D:6      | Reached skill level 5 in Axes
  2333 | D:6      | XOM: give mutations
  2333 | D:6      | Gained mutation: You have an increased reservoir of magic.
                  | (+10% MP) [Xom's grace]
  2333 | D:6      | Gained mutation: You are somewhat resistant to further
                  | mutation. [Xom's grace]
  2333 | D:6      | Gained mutation: Your large and strong wings let you fly
                  | indefinitely. [Xom's grace]
  2333 | D:6      | Gained mutation: You possess an exceptional clarity of
                  | mind. [Xom's grace]
  2386 | D:6      | Noticed an ogre
  2388 | D:6      | Reached XP level 6. HP: 49/53 MP: 6/6
  2410 | D:6      | XOM: summons friendly quasit
  2415 | D:6      | Noticed an orc warrior
  2435 | D:6      | Killed an orc warrior
  2435 | D:6      | Reached skill level 5 in Fighting
  2435 | D:6      | Reached skill level 6 in Axes
  2496 | D:6      | XOM: scenery: create altars
  2698 | D:6      | XOM: enchant monster (bad)
  2701 | D:6      | Your scales start taking on a pale cyan-grey colour.
  2701 | D:6      | Reached XP level 7. HP: 54/61 MP: 7/7
  2772 | D:6      | XOM: blink monster(s)
  2795 | D:6      | Learned a level 1 spell: Animate Skeleton
  2860 | D:6      | Found an iron altar of Okawaru.
  2872 | D:6      | XOM: noise
  2895 | D:6      | XOM: give mutations
  2895 | D:6      | Gained mutation: Your body sometimes deteriorates upon
                  | taking damage. [Xom's mischief]
  2895 | D:6      | Gained mutation: Your body often deteriorates upon taking
                  | damage. [Xom's mischief]
  2895 | D:6      | Gained mutation: You are frail. (-10% HP) [Xom's mischief]
  2897 | D:6      | Xom revived you
  2898 | D:6      | XOM: divination: detect creatures
  2899 | D:6      | Mangled by an orc warrior

Levels and vault maps discovered:
D:1:      dpeg_arrival_arbitrary_c, layout_rooms
D:2:      layout_loops_ring
D:3:      layout_loops_cross, marbit_many_paths,
          chequers_ecumenical_altar_twisty, first_ration,
          uniq_crazy_yiuf_cottage, uniq_terence
D:6:      layout_layer_cave, chequers_temple_overflow_statue_of_worship,
          okawaru_trees_1, minmay_starry_boxes

Skill      XL: |  1  2  3  4  5  6 |
---------------+-------------------+-----
Fighting       | 4 5 |  5.1
Axes           | 4 5 6 |  6.5
Dodging        | 3 |  3.7
Stealth        | |  0.9

Action                   |  1- 3 |  4- 6 |  7- 9 || total
-------------------------+-------+-------+-------++-------
Melee: Hand axe          |    69 |       |       ||    69
       Tailslap          |     7 |    17 |     6 ||    30
       War axe           |     7 |   150 |    33 ||   190
 Abil: Breathe Steam     |       |       |     1 ||     1
       Fly               |       |       |     1 ||     1
  Use: Potion            |       |     4 |     2 ||     6
  Eat: Chunk             |     1 |     5 |     1 ||     7
Armor: Skin              |    20 |    46 |     6 ||    72
Dodge: Dodged            |    51 |   105 |    16 ||   172

Table legend:
 A = Non-vault XP
 B = Vault XP
 C = Vault XP percentage of total XP
 D = Non-vault monster count
 E = Vault monster count
 F = Vault count percentage of total count
                 A         B        C        D         E       F
            +---------+---------+-------+---------+---------+-------
      Total |     780 |      98 |  11.2 |      87 |       3 |   3.3
            +---------+---------+-------+---------+---------+-------
        D:1 |      37 |       0 |   0.0 |      22 |       0 |   0.0
        D:2 |     146 |       0 |   0.0 |      29 |       0 |   0.0
        D:3 |      47 |      39 |  45.3 |      19 |       2 |   9.5
        D:6 |     550 |      59 |   9.7 |      17 |       1 |   5.6
            +---------+---------+-------+---------+---------+-------
